 Dungeon Crawl Stone Soup version 0.32-a0-468-g38b2580584 (webtiles) character file.

Game seed: 11669616325975408310

5485 Dirtsage the Severer (level 10, -9/84 HPs)
             Began as a Mountain Dwarf Fighter on Feb 24, 2024.
             Was a Follower of Makhleb.
             Mangled by a komodo dragon (21 damage)
             ... on level 8 of the Dungeon.
             The game lasted 00:12:56 (9455 turns).

Dirtsage the Severer (Mountain Dwarf Fighter)       Turns: 9455, Time: 00:12:56

Health: -9/84      AC: 10    Str: 23    XL:     10   Next: 42%
Magic:  0/19       EV: 10    Int:  9    God:    Makhleb [*.....]
Gold:   435        SH:  6    Dex: 15    Spells: 9/9 levels left

rFire   . . .        L - +5 hand axe
rCold   + . .        c - +0 buckler
rNeg    . . .        o - +2 ring mail {rC+}
rPois   .            d - +1 hat {Will+}
rElec   .            w - +0 cloak
rCorr   .            (no gloves)
SInv    .            (no boots)
Will    ++...        t - amulet of guardian spirit
Stlth   +            I - +6 ring of dexterity
HPRegen 0.34/turn    y - ring of magical power
MPRegen 0.16/turn

%: guardian spirit
@: no status effects
A: runic magic, artefact enchanting
a: Renounce Religion


You were on level 8 of the Dungeon.
You worshipped Makhleb.
Makhleb was aware of your devotion.
You visited 2 branches of the dungeon, and saw 10 of its levels.

You collected 435 gold pieces.

Inventory:

Hand Weapons
 a - a +0 war axe
 D - a +2 morningstar
 L - a +5 hand axe (weapon)
Missiles
 p - 2 curare-tipped darts (quivered)
 s - 2 throwing nets
Armour
 b - a +0 scale mail
 c - a +0 buckler (worn)
 d - a +1 hat of willpower (worn)
 o - a +2 ring mail of cold resistance (worn)
 w - a +0 cloak (worn)
 B - a +0 plate armour
Magical Staves
 F - a staff of death
Jewellery
 t - an amulet of guardian spirit (around neck)
 y - a ring of magical power (right hand)
 I - a +6 ring of dexterity (left hand)
Wands
 E - a wand of flame (17)
 H - a wand of quicksilver (4)
 K - a wand of charming (8)
Scrolls
 m - 3 scrolls of immolation {unknown}
 q - 3 scrolls of amnesia {unknown}
 r - 2 scrolls of fog {unknown}
 u - 2 scrolls of enchant weapon {unknown}
 v - a scroll of noise {unknown}
 x - 5 scrolls of teleportation {unknown}
 A - a scroll of summoning
 C - a scroll of revelation {unknown}
 J - 2 scrolls of torment {unknown}
 M - a scroll of enchant armour {unknown}
 N - a scroll of blinking {unknown}
Potions
 e - 3 potions of curing {unknown}
 f - 2 potions of mutation {unknown}
 g - 2 potions of attraction
 h - 2 potions of invisibility
 j - a potion of enlightenment
 k - 2 potions of magic
 l - a potion of heal wounds
 n - 2 potions of resistance
 z - a potion of brilliance
 G - 5 potions of haste {unknown}
Miscellaneous
 i - a sack of spiders


   Skills:
 + Level 6.6 Fighting
 * Level 15.0 Axes
 + Level 6.6 Armour
 + Level 6.6 Shields


You had 9 spell levels left.
You didn't know any spells.
Your spell library contained the following spells:

 Spells                   Type           Power      Damage    Failure   Level
 Freeze                   Ice            0%         1d3       45%         1
 Ensorcelled Hibernation  Hex/Ice        0%         N/A       61%         2
 Lesser Beckoning         Tloc           0%         N/A       61%         2
 Static Discharge         Conj/Air       0%         3-3/arc   61%         2
 Gell's Gravitas          Tloc           0%         N/A       83%         3
 Ozocubu's Armour         Ice            0%         N/A       83%         3
 Passwall                 Erth           0%         N/A       83%         3
 Summon Ice Beast         Ice/Summ       0%         N/A       83%         3
 Swiftness                Air            0%         N/A       83%         3
 Teleport Other           Tloc           0%         N/A       83%         3
 Airstrike                Air            0%         2d(0-16)  99%         4
 Ignite Poison            Fire/Alch      0%         N/A       99%         4
 Sticky Flame             Fire/Alch      0%         2d4       99%         4
 Summon Lightning Spire   Summ/Air       0%         N/A       99%         4
 Summon Mana Viper        Hex/Summ       0%         N/A       100%        5
 Starburst                Conj/Fire      0%         6d3       100%        6
 Monstrous Menagerie      Summ           0%         N/A       100%        7
 Ignition                 Fire           0%         3d3       100%        8


Dungeon Overview and Level Annotations

Branches:
Dungeon (9/15)             Temple (1/1) D:7
   Lair: D:8-11         Orc: D:9-12

Altars:
Ashenzari
Cheibriados
Dithmenos
Elyvilon
Fedhas
Gozag
Hepliaklqana
Kikubaaqudgha
Makhleb
Nemelex Xobeh
Okawaru
Qazlal
Ru
Sif Muna
Trog
Uskayaw
Vehumet
Yredelemnul
Zin
The Shining One

Annotations:
D:9 Harold


Innate Abilities, Weirdness & Mutations

Your spellcasting is much less encumbered by armour.
You can use scrolls of enchantment on lesser artefacts.


Message History

Makhleb accepts your kill.
You feel better.
You regained 5 hp, and now have 33/84 hp.
Something unseen opens the door.
You sense a monster nearby.
You regained 14 hp, and now have 47/84 hp.
You regained 6 mp, and now have 14/19 mp.
Harold the Weathered comes into view.
He is wielding a +0 battleaxe and quivering a throwing net.
Harold throws a throwing net.
You block the throwing net.
The komodo dragon hisses angrily.
MP restored: 19 The komodo dragon barely misses you.
The komodo dragon bites you!
You take 12 damage, and have 44/84 hp.
You now have 15/19 mp.
You block the komodo dragon's attack.
There is a stone staircase leading up here.
The komodo dragon bites you!
You climb upwards.
There is a stone staircase leading down here.
You take 12 damage, and have 33/84 hp.
You now have 10/19 mp.
You hit the komodo dragon.
The komodo dragon is lightly wounded.
The komodo dragon misses you.
You closely miss the komodo dragon.
The komodo dragon is lightly wounded.
You completely miss the komodo dragon.
The komodo dragon is lightly wounded.
The komodo dragon bites you!!
* * * LOW HITPOINT WARNING * * *
You take 22 damage, and have 12/84 hp.
MASSIVE DAMAGE!!
You now have 5/19 mp.
Throw: 3 darts (curare)
Press: ? - help, Shift-Dir - straight line, f - komodo dragon
Aim: a komodo dragon (lightly wounded, 67% to hit)
You throw a curare-tipped dart.
The curare-tipped dart hits the komodo dragon.
The komodo dragon is poisoned.
The komodo dragon struggles to breathe.
The komodo dragon seems to slow down.
The komodo dragon is lightly wounded.
The komodo dragon bites you!!
You die...

#........# #.......# ##.....##
#..#.###.# ###.#.### ##.......##
#....###.#####....####.........##
.....................'.........+.
#...####.#####....####.........##
#...####.##........# ##.......##
#........##.##..##.# ##.....##
###.#######.###.##.# ##...## #.#
#.....@..# ##+## #.# #..##l#..#
#.# #.# #........# ###.# #### #.#
##.##.#.######...###... #.#
#.##..........#..#.... #.#
#.####.######......... ###.#
#......# #....#.... ....#
######## ###.###... ##### ###
####


You could see a komodo dragon (very poisoned, slow).

Vanquished Creatures
  Gastronok (D:8)
  Pikel (D:8)
  Prince Ribbit (D:9)
  4 yaks (D:9)
  A basilisk (D:9)
  An acid dragon (D:8)
  2 water moccasins
  A sky beast (D:7)
  A black bear (D:7)
  4 ogres
  A kobold brigand (D:9)
  2 lemures (D:8)
  2 bullfrogs
  2 scorpions
  A gnoll sergeant (D:7)
  16 wights
  3 killer bees (D:8)
  3 orc priests
  5 hounds
  3 iguanas
  Natasha (twice) (D:3)
  8 orc wizards
  14 gnolls
  5 adders
  2 shadow imps (D:5)
  4 white imps
  2 ufetubi (D:6)
  A ribbon worm (D:3)
  A dart slug (D:2)
  23 orcs
  2 bats (D:2)
  6 endoplasms
  5 goblins
  6 hobgoblins
  8 jackals
  12 kobolds
  3 quokkas
  4 ball pythons
  2 frilled lizards (D:2)
  4 rats
169 creatures vanquished.

Vanquished Creatures (others)
  An orc wizard (D:7)
1 creature vanquished.

Grand Total: 170 creatures vanquished

Notes
Turn   | Place    | Note
-------+----------+-------------------------------------------
     0 | D:1      | Dirtsage the Mountain Dwarf Fighter began the quest for the
                  | Orb.
     0 | D:1      | Reached XP level 1. HP: 19/19 MP: 1/1
    79 | D:1      | Reached skill level 3 in Axes
   654 | D:2      | Reached XP level 2. HP: 26/26 MP: 2/2
   707 | D:2      | Reached skill level 4 in Axes
   715 | D:2      | Reached XP level 3. HP: 17/31 MP: 3/3
  1593 | D:3      | Reached skill level 5 in Axes
  1664 | D:3      | Reached XP level 4. HP: 38/38 MP: 4/4
  1733 | D:3      | Reached skill level 6 in Axes
  1822 | D:3      | Reached XP level 5. HP: 35/45 MP: 5/5
  1917 | D:3      | Reached skill level 7 in Axes
  2166 | D:3      | Noticed Natasha
  2173 | D:3      | Killed Natasha
  2185 | D:3      | Noticed Natasha
  2192 | D:3      | Killed Natasha
  2272 | D:3      | Reached XP level 6. HP: 51/51 MP: 6/6
  2698 | D:4      | Reached skill level 8 in Axes
  2763 | D:4      | Found a shadowy altar of Dithmenos.
  3001 | D:4      | Reached skill level 9 in Axes
  3235 | D:4      | Got Cydghis's Catalogue of Chilblains and the Blaze
  3262 | D:4      | Reached XP level 7. HP: 57/57 MP: 7/7
  3636 | D:5      | Entered Level 5 of the Dungeon
  3833 | D:5      | Found a bloodstained altar of Trog.
  4004 | D:5      | Reached skill level 10 in Axes
  4515 | D:5      | Reached skill level 11 in Axes
  4562 | D:5      | Found a radiant altar of Vehumet.
  4748 | D:6      | Reached XP level 8. HP: 63/63 MP: 8/8
  5128 | D:6      | Reached skill level 12 in Axes
  5529 | D:7      | Found a staircase to the Ecumenical Temple.
  5538 | Temple   | Entered the Ecumenical Temple
  5545 | Temple   | Became a worshipper of Makhleb the Destroyer
  5996 | D:7      | Found a snail-covered altar of Cheibriados.
  6833 | D:7      | Found a glowing golden altar of the Shining One.
  6951 | D:8      | Reached skill level 13 in Axes
  7118 | D:8      | Reached XP level 9. HP: 51/65 MP: 9/9
  7590 | D:8      | Reached * piety under Makhleb
  7834 | D:8      | Noticed Pikel
  7861 | D:8      | Killed Pikel
  7862 | D:8      | Reached skill level 5 in Shields
  7961 | D:8      | Reached skill level 5 in Fighting
  7961 | D:8      | Reached skill level 5 in Armour
  7969 | D:8      | Found a broken altar of Ashenzari.
  7991 | D:8      | Noticed Gastronok
  8015 | D:8      | Killed Gastronok
  8016 | D:8      | Reached skill level 14 in Axes
  8016 | D:8      | Reached XP level 10. HP: 24/83 MP: 6/10
  8288 | D:8      | Found an iron altar of Okawaru.
  8669 | D:9      | Noticed Prince Ribbit
  8701 | D:9      | Killed Prince Ribbit
  9364 | D:9      | Reached skill level 15 in Axes
  9418 | D:9      | Noticed Harold
  9455 | D:8      | Mangled by a komodo dragon

Illustrated notes

Levels and vault maps discovered:
D:1:      amcnicky_arrival_blooded_trapdoor, layout_basic,
          chequers_serial_rivers_small_b
D:2:      layout_loops_ring, nicolae_elevator_lobby_plus
D:3:      layout_basic, uniq_natasha
D:4:      layout_basic, grunt_dithmenos_smoke_and_mirrors, minmay_pentomino_pile
D:5:      layout_gridville, mainiacjoe_overflow_concentric_impassable,
          lemuel_round_altar
D:6:      layout_loops_ring
D:7:      layout_basic, cheibriados_altar_1, tso_oasis_becter,
          minmay_temple_entry_overgrown, hex_intersection
D:8:      layout_loops_corners, mainiacjoe_overflow_big_doors,
          grunt_ministairs_12, uniq_pikel, uniq_gastronok
D:9:      layout_gridville, led_xom_imps, nicolae_wu_jian_immortal_techniques,
          david_lair_shrubbed, serial_bayou, serial_bayou_pond_a,
          serial_bayou_crossing, serial_bayou_shore_b, serial_bayou_lagoon_b,
          uniq_harold, uniq_prince_ribbit1
Temple:   cyrus_circular_temple

Skill      XL: |  1  2  3  4  5  6  7  8  9 10 |
---------------+-------------------------------+-----
Axes           | 3 4 5 6 7 9 11 13 14 15 | 15.0
Shields        | 4 5 6 |  6.6
Fighting       | 4 5 6 |  6.6
Armour         | 4 5 6 |  6.6

Action                     |  1- 3 |  4- 6 |  7- 9 | 10-12 || total
---------------------------+-------+-------+-------+-------++-------
  Melee: War axe           |   109 |   140 |   358 |    32 ||   639
         Hand axe          |       |       |       |   106 ||   106
  Throw: Dart              |       |     1 |     4 |     3 ||     8
    Use: Scroll            |       |       |     6 |     2 ||     8
         Potion            |       |       |     2 |       ||     2
 Armour: Scale mail        |    66 |     7 |       |       ||    73
         Ring mail         |       |    96 |   230 |    75 ||   401
  Dodge: Dodged            |    63 |    63 |   137 |    28 ||   291
  Block: Buckler           |    22 |    29 |    47 |    21 ||   119

Table legend: (Time is in decaauts)
 A = Elapsed time spent in this place.
 B = Non-inter-level travel time spent in this place.
 C = Inter-level travel time spent in this place.
 D = Time resting spent in this place.
 E = Time spent auto-exploring this place.
 F = Levels seen in this place.
 G = Mean time per level.
                   A        B        C        D        E       F      G
               +--------+--------+--------+--------+--------+-----+--------+
         Total |   9449 |   9176 |    273 |    156 |   7556 |  10 |  944.9 |
       Dungeon |   9437 |   9164 |    273 |    156 |   7556 |   9 | 1048.6 |
        Temple |     12 |     12 |      0 |      0 |      0 |   1 |   12.0 |
               +--------+--------+--------+--------+--------+-----+--------+

Top non-repeatable levels by time:
     D:8: 1885 daAuts
     D:7: 1488 daAuts
     D:3: 1121 daAuts
     D:5: 966 daAuts
     D:2: 962 daAuts
     D:4: 962 daAuts
     D:6: 820 daAuts
     D:1: 653 daAuts
     D:9: 576 daAuts
  Temple: 12 daAuts
